cohdb
Replays
Latest Replays
All Replays
Popular Replays
Top Player Replays
Match Explorer
How It Works
Community
CoH3 Stats
Reddit
Sign in to upload your games and track your stats! →
Sign in with Steam
Match 48517553
Unlisted
Match 48517553
Overview
Messages
Build Orders
End
Panzergrenadier Squad
Selects Italian Infantry
250 Light Carrier
Panzergrenadier Squad
Construct Light Support Kompanie
Combat Half-tracks
Panzerjäger Squad
Construct Mechanized Kompanie
2.5-tonne Medical Truck
Selects Guastatori Squad
Selects Registered Artillery
Support Armor Elements
Registered Artillery
MathiasCZR01
A Chunky Chaffinch
Helpless Hans
J1odge
PhoneyMcRing
Hetman
Elbehiri
0
0
Comments
sign in to comment!
No comments posted yet!